 Dungeon Sprint DCSS version 0.28-a0-1387-g3a22ab9bdc (webtiles) character file.

Game seed: 2989701731153225719

98577 HallandMoats the End of an Era (level 15, -10/138 (144) HPs)
             Began as a Demonspawn Monk on Jan 3, 2022.
             Was the Champion of Qazlal.
             Mangled by a Tzitzimitl (11 damage)
             ... summoned by Ereshkigal
             ... in the Dungeon (Sprint V: "Ziggurat Sprint").
             The game lasted 00:17:18 (1024 turns).

HallandMoats the End of an Era (Demonspawn Monk)    Turns: 1024, Time: 00:17:19

HP:   -10/138 (144) AC: 37    Str: 15    XL:     15   Next: 75%
MP:   2/29          EV:  3    Int: 13    God:    Qazlal [******]
Gold: 0             SH: 42    Dex: 18    Spells: 14/14 levels left

rFire   + . .      SeeInvis +   s - +14 obsidian axe {vorpal, Mesm Drain Fly SInv}
rCold   + + .      Faith    .   t - +18 shield of the Gong {rElec rN+ Will+ EV-5}
rNeg    + + .      Spirit   .   i - +9 gold dragon scales
rPois   +          Reflect  .   (helmet unavailable)
rElec   +          Harm     .   (no cloak)
rCorr   .          Rampage  .   F - +2 pair of gloves {infuse}
Will    +++++      Clarity  +   J - +0 pair of boots {Stlth+}
Stlth   .......... NoTele   +   b - amulet of the Four Winds {rN+ Will+++ Clar}
HPRegen 0.33/turn               K - +4 ring of slaying
MPRegen 0.21/turn               C - +4 ring of slaying

@: protected from cold, flying, mesmerised, slowed, silenced, lightly drained,
invisible, repel missiles, very slow
A: antennae 3, icemail 2, sharp scales 2, condensation shield, demonic magic 1,
hooves 1, low mp 1
a: Renounce Religion


You were in the Dungeon.
You worshipped Qazlal.
Qazlal was exalted by your worship.
You visited 1 branch

Inventory:

Hand Weapons
 s - the +14 obsidian axe (weapon) {vorpal, Mesm Drain Fly SInv}
   (You found it in the Dungeon)

   It inflicts extra damage upon your enemies.
   It occasionally summons demons to assist the wielder when it strikes in
   combat.
   Its wielder is mesmerised by any visible foes.
   It cannot be unequipped while any foes are visible.
   SInv:      It lets you see invisible.
   Fly:       It grants you flight.
   Drain:     It drains your maximum health when unequipped.
Missiles
 A - 2 throwing nets (quivered)
Armour
 i - +9 gold dragon scales (worn)
 t - the +18 shield of the Gong (worn) {rElec rN+ Will+ EV-5}
   (You found it in the Dungeon)

   It is deafeningly noisy when blocking attacks.
   EV:        It affects your evasion (-5).
   rElec:     It insulates you from electricity.
   rN:        It protects you from negative energy.
   Will:      It increases your willpower.
 F - a +2 pair of gloves of infusion (worn)
 J - a +0 pair of boots of stealth (worn)
Jewellery
 a - the amulet "Meixony" {Will+ Regen+ Dex+5}
   (You found it in the Dungeon)

   [amulet of regeneration]

   Dex:       It affects your dexterity (+5).
   Regen:     It increases your rate of health regeneration.
   Will:      It increases your willpower.
 b - the amulet of the Four Winds (around neck) {rN+ Will+++ Clar}
   (You found it in the Dungeon)

   [amulet of nothing]

   rN:        It protects you from negative energy.
   Clar:      It protects you against confusion.
   Will:      It greatly increases your willpower.
 v - the ring of Mighowko {*Slow rPois rF+ Dex+4 SInv}
   (You found it in the Dungeon)

   [ring of poison resistance]

   Dex:       It affects your dexterity (+4).
   rF:        It protects you from fire.
   rPois:     It protects you from poison.
   SInv:      It lets you see invisible.
   *Slow:     It may slow you when you take damage.
 y - the ring of Starshine {rN+ Dex+6}
   (You found it in the Dungeon)

   [ring of dexterity]

   Dex:       It affects your dexterity (+6).
   rN:        It protects you from negative energy.
 C - a +4 ring of slaying (right hand)
 D - the ring "Deetaxze" {rN+ Int+3}
   (You found it in the Dungeon)

   [ring of positive energy]

   Int:       It affects your intelligence (+3).
   rN:        It protects you from negative energy.
 I - the amulet of Kuynanaa {RegenMP rElec rPois Int+2 Slay+3}
   (You found it in the Dungeon)

   [amulet of magic regeneration]

   It increases your rate of magic regeneration.
   Int:       It affects your intelligence (+2).
   Slay:      It affects your accuracy & damage with ranged weapons and melee
   (+3).
   rElec:     It insulates you from electricity.
   rPois:     It protects you from poison.
 K - a +4 ring of slaying (left hand)
 L - the ring "Ijyatato" {Str+6 Dex+3}
   (You found it in the Dungeon)

   [ring of strength]

   Str:       It affects your strength (+6).
   Dex:       It affects your dexterity (+3).
Scrolls
 h - 4 scrolls of blinking
 o - 4 scrolls of amnesia
 p - 7 scrolls of fog
 q - 5 scrolls of identify
 r - 2 scrolls of fear
 u - 2 scrolls of brand weapon
 G - 4 scrolls of enchant weapon
Potions
 c - 10 potions of curing
 d - 8 potions of heal wounds
 e - 4 potions of haste
 f - 6 potions of magic
 g - 3 potions of berserk rage
 j - 2 potions of brilliance
 k - a potion of invisibility
 l - 3 potions of resistance
 n - 5 potions of might
Miscellaneous
 m - a piece from Xom's chessboard (15/15)
 w - a phantom mirror
 z - a piece from Xom's chessboard (15/15)
 B - a piece from Xom's chessboard (15/15)
 E - a piece from Xom's chessboard (15/15)
 H - a piece from Xom's chessboard (15/15)


   Skills:
 * Level 21.2 Fighting
 + Level 17.4 Axes
 + Level 17.2 Armour
 + Level 17.4 Dodging
 - Level 1.7 Stealth
 * Level 21.1 Shields
 O Level 27 Invocations


You had 14 spell levels left.
You didn't know any spells.
Your spell library contained the following spells:

 Spells                   Type           Power      Damage    Failure   Level
 Animate Skeleton         Necr           0%         N/A       100%        1
 Apportation              Tloc           0%         N/A       100%        1
 Magic Dart               Conj           0%         1d3       100%        1
 Pain                     Necr           0%         1d4       100%        1
 Sting                    Tmut/Pois      0%         1d3       100%        1
 Summon Small Mammal      Summ           0%         N/A       100%        1
 Blink                    Tloc           0%         N/A       100%        2
 Ensorcelled Hibernation  Hex/Ice        0%         N/A       100%        2
 Poisonous Vapours        Pois/Air       0%         N/A       100%        2
 Searing Ray              Conj           0%         2d4       100%        2
 Static Discharge         Conj/Air       0%         N/A       100%        2
 Sublimation of Blood     Necr           0%         N/A       100%        2
 Wereblood                Tmut           0%         N/A       100%        2
 Confusing Touch          Hex            0%         N/A       100%        3
 Dazzling Flash           Conj/Hex       0%         N/A       100%        3
 Gell's Gravitas          Tloc           0%         N/A       100%        3
 Ignite Poison            Fire/Tmut/Pois 0%         N/A       100%        3
 Inner Flame              Hex/Fire       0%         N/A       100%        3
 Lesser Beckoning         Tloc           0%         N/A       100%        3
 Spider Form              Tmut/Pois      0%         N/A       100%        3
 Stone Arrow              Conj/Erth      0%         3d7       100%        3
 Animate Armour           Summ/Erth      0%         N/A       100%        4
 Cause Fear               Hex            0%         N/A       100%        4
 Dispel Undead            Necr           0%         3d6       100%        4
 Fulminant Prism          Conj/Hex       0%         3d6       100%        4
 Hailstorm                Conj/Ice       0%         3d3       100%        4
 Ice Form                 Ice/Tmut       0%         N/A       100%        4
 Iskenderun's Mystic Bla  Conj/Tloc      0%         2d3       100%        4
 Olgreb's Toxic Radiance  Pois           0%         N/A       100%        4
 Petrify                  Tmut/Erth      0%         N/A       100%        4
 Sticky Flame             Conj/Fire      0%         2d3       100%        4
 Agony                    Necr           0%         N/A       100%        5
 Alistair's Intoxication  Tmut/Pois      0%         N/A       100%        5
 Excruciating Wounds      Necr           0%         N/A       100%        5
 Freezing Cloud           Conj/Ice/Air   0%         6-21      100%        5
 Irradiate                Conj/Tmut      0%         3d14      100%        5
 Lightning Bolt           Conj/Air       0%         1d11      100%        5
 Manifold Assault         Tloc           0%         N/A       100%        5
 Metabolic Englaciation   Hex/Ice        0%         N/A       100%        5
 Silence                  Hex/Air        0%         N/A       100%        5
 Yara's Violent Unravell  Hex/Tmut       0%         3d3       100%        5
 Death Channel            Necr           0%         N/A       100%        6
 Simulacrum               Ice/Necr       0%         N/A       100%        6
 Starburst                Conj/Fire      0%         6d3       100%        6
 Statue Form              Tmut/Erth      0%         N/A       100%        6
 Enfeeble                 Hex            0%         N/A       100%        7
 Haunt                    Necr/Summ      0%         N/A       100%        7
 Malign Gateway           Summ/Tloc      0%         N/A       100%        7
 Storm Form               Tmut/Air       0%         N/A       100%        7
 Discord                  Hex            0%         N/A       100%        8
 Lehudib's Crystal Spear  Conj/Erth      0%         10d2      100%        8
 Necromutation            Tmut/Necr      0%         N/A       100%        8


Dungeon Overview and Level Annotations

Branches:
Dungeon (1/1)

Altars:
Ashenzari
Cheibriados
Dithmenos
Elyvilon
Fedhas
Gozag
Hepliaklqana
Kikubaaqudgha
Makhleb
Nemelex Xobeh
Okawaru
Qazlal
Ru
Sif Muna
Trog
Uskayaw
Vehumet
Wu Jian
Xom
Yredelemnul
Zin
The Shining One
Beogh
Jiyva
Lugonu

Annotations:
D 1 transporter, Ereshkigal


Innate Abilities, Weirdness & Mutations

You have a pair of large antennae on your head. (SInv)
A meltable icy envelope protects you from harm. (AC +0)
You are mostly covered in razor-sharp scales. (AC +2, Slay +2)
A meltable shield of frost defends you. (SH +0)
Spells you cast may paralyse adjacent enemies.
You have large cloven feet.
Your magical capacity is low. (-10% MP)


Message History

The bolt of cold hits the Tzitzimitl!
The Tzitzimitl resists.
The bolt of cold hits your air elemental!!!
Your air elemental is destroyed!
Your air elemental disappears in a puff of smoke!
The Tzitzimitl engulfs your orange demon.
The Tzitzimitl drains your orange demon's vigour!
Your orange demon seems to slow down.
The Tzitzimitl bites your orange demon!
Your air elemental misses Ereshkigal.
Your orange demon misses the Tzitzimitl.
Your orange demon hits the Tzitzimitl but does no damage.
You barely miss Ereshkigal.
Ereshkigal is severely wounded.
You completely miss the Tzitzimitl.
Your air elemental completely misses Ereshkigal.
You block Ereshkigal's attack.
Your air elemental barely misses Ereshkigal.
Ereshkigal gestures.
Ereshkigal's surroundings become eerily quiet.
The Tzitzimitl is engulfed in blazing flames.
The Tzitzimitl engulfs you but does no damage.
The Tzitzimitl bites you but does no damage.
Your air elemental misses Ereshkigal.
Unknown command.
You slice Ereshkigal!!
Ereshkigal is severely wounded.
You slash the Tzitzimitl! You open a gate to Pandemonium!
A demon appears!
You slice the Tzitzimitl!!
Visions of slaying the Tzitzimitl flood into your mind.
Your air elemental misses Ereshkigal.
You block Ereshkigal's attack.
Your air elemental fires a burst of electricity at Ereshkigal.
The stunning burst misses Ereshkigal.
The Tzitzimitl gestures at you. The bolt of negative energy hits you!
You partially resist.
You feel drained.
* * * LOW HITPOINT WARNING * * *
The bolt of negative energy hits Ereshkigal.
Ereshkigal completely resists.
Your orange demon is engulfed in blazing flames.
Your orange demon closely misses the Tzitzimitl. x2
The Tzitzimitl engulfs you!
You die...

_8_8▓
...▓.≈≈....▓...▓..≈..≈©....
▓▓▓▓▓
...≈≈.≈≈.......▓▓▓▓▓▓▓▓▓▓▓▓
...≈≈≈.©.......▓.....8©8:≈.
▓▓▓▓▓▓▓▓▓▓▓▓▓▓▓▓..=[[..}.≈≈
:(|8©8......▓.....|..≈)≈
{/≈≈!)|}|.[..▓.....[}....
{..:.[34):)).▓...≈....†≈.
≈≈§≈≈≈.≈§1≈.§..▓...........
..§≈≈≈)≈}[@1E..▓...........
..§..≈.≈≈≈○&§..▓...........
≈≈§.≈≈≈†☼.≈§...▓.≈▓.......▓
≈.§≈..≈.≈......▓.▓▓▓≈.≈≈.▓▓
≈...≈..≈≈...≈≈.▓..▓.≈..≈..▓
..§..≈≈....≈.≈.▓..≈.≈≈.....
..≈≈.≈≈.≈......▓...≈≈.©....
≈≈≈≈≈.≈.....≈..▓▓▓▓▓▓▓▓▓▓▓▓
≈≈.≈≈§§§§§§§≈§§▓...)[8©8)..


You could see Ereshkigal (silencing, unsilenced, ally target), 2 Tzitzimimeh, a
friendly soul eater (summoned, unsilenced), a friendly orange demon (summoned,
slow) and a friendly air elemental (summoned, unsilenced).

Vanquished Creatures
  Cerebov (D)
  Mnoleg (D)
  Lom Lobon (D)
  the Serpent of Hell (D)
  Saint Roka (D)
  Jory (D)
  A deep elf blademaster (D)
  3 deep elf master archers (D)
  Chuck (D)
  Agnes (D)
  Kirke (D)
  Gastronok (D)
  A shadow dragon (D)
  A frost giant (D)
  3 deep elf sorcerers (D)
  4 fire giants (D)
  4 balrugs (D)
  Aizul (D)
  A ghoul (D)
  2 very ugly things (D)
  A deep elf annihilator (D)
  A spark wasp (shapeshifter) (D)
  4 merfolk impalers (D)
  A merfolk javelineer (D)
  4 deep elf high priests (D)
  A yaktaur captain (D)
  6 ice dragons (D)
  14 vault guards (D)
  A merfolk aquamancer (D)
  Erica (D)
  3 hell hogs (D)
  4 dancing weapons (D)
  An orc high priest (D)
  6 deep elf knights (D)
  A sea snake (D)
  A spriggan druid (D)
  A deep troll (shapeshifter) (D)
  Pikel (D)
  A death drake (shapeshifter) (D)
  2 deep elf archers (D)
  5 deep elf pyromancers (D)
  5 deep elf zephyrmancers (D)
  A wizard (D)
  A necromancer (D)
  A shining eye (D)
  A wolf spider (shapeshifter) (D)
  A manticore (shapeshifter) (D)
  3 ugly things (D)
  Joseph (D)
  A water nymph (D)
  2 eyes of devastation (D)
  3 rime drakes (D)
  A torpor snail (shapeshifter) (D)
  4 yaktaurs (D)
  An unseen horror (shapeshifter) (D)
  2 ice devils (D)
  A polar bear (D)
  A merfolk (shapeshifter) (D)
  2 wind drakes (shapeshifter) (D)
  2 hornets (D)
  4 merfolk (D)
  Grinder (D)
  Prince Ribbit (D)
  Sigmund (D)
  2 spriggans (D)
  A culicivora (shapeshifter) (D)
  A shadow (D)
  Eustachio (D)
  A spriggan (shapeshifter) (D)
  A wyvern (D)
  3 water elementals (D)
  2 small abominations (D)
  A human (shapeshifter) (D)
  4 neqoxecs (D)
  A redback (shapeshifter) (D)
  A steam dragon (D)
  2 acid dragons (D)
  Edmund (D)
  A water moccasin (D)
  3 hell hounds (D)
  A swamp drake (D)
  3 wolves (D)
  2 black bears (D)
  A necrophage (D)
  2 wights (D)
  2 crimson imps (D)
  A quasit (D)
  4 jellies (D)
  3 iron imps (D)
  Ijyb (D)
  An adder (D)
  2 shadow imps (D)
  4 white imps (D)
  An ufetubus (D)
  2 adder simulacra (D)
  3 bat skeletons (D)
  3 ball pythons (D)
  2 ball python simulacra (D)
  3 ball python skeletons (D)
  2 ball python zombies (D)
  A jackal zombie (D)
  3 quokka skeletons (D)
  A quokka zombie (D)
206 creatures vanquished.

Vanquished Creatures (collateral kills)
  A skeletal warrior (D)
  A polar bear (D)
  An ice beast (D)
  A jackal simulacrum (D)
  A quokka simulacrum (D)
5 creatures vanquished.

Vanquished Creatures (others)
  Mennas (D)
  An eldritch tentacle (D)
  3 ball lightnings (D)
5 creatures vanquished.

Grand Total: 216 creatures vanquished

Notes
Turn   | Place    | Note
-------+----------+-------------------------------------------
     0 | D        | HallandMoats the Demonspawn Monk began the quest for the
                  | Orb.
     0 | D        | Reached XP level 1. HP: 18/18 MP: 1/1
     4 | D        | Found a blossoming altar of Fedhas.
     4 | D        | Found the +6 Majin-Bo {vamp, MP+6 Int+6}
     4 | D        | Found the +9 heavy crossbow "Sniper" {vorpal, Acc+∞ SInv}
     4 | D        | Found the +10 dark maul {vorpal}
     4 | D        | Found the +15 Maxwell's patent armour {-Cast -Tele rElec
                  | Will+ rCorr}
     4 | D        | Found the +18 shield of the Gong {rElec rN+ Will+ EV-5}
     4 | D        | Found the +14 obsidian axe {vorpal, Mesm Drain Fly SInv}
     4 | D        | Found the +7 great mace "Firestarter" {inner flame, rF++}
     4 | D        | Found the +6 shillelagh "Devastator" {shatter}
     4 | D        | Found the +11 plutonium sword {Contam Stlth-}
     4 | D        | Found the +8 lance "Wyrmbane" {slay drac, rPois rF+ rC+
                  | AC+3}
     4 | D        | Found the +9 sword of Zonguldrok {reap}
     4 | D        | Found the +13 scythe of Curses {drain, Drain}
     4 | D        | Found the +5 sword of Power {vorpal}
     4 | D        | Found the +7 mace of Variability {chain chaos}
     4 | D        | Found the +7 Singing Sword {vorpal, sonic wave}
     4 | D        | Found the +8 storm bow {elec, penet}
     5 | D        | Found a shimmering blue altar of Sif Muna.
     5 | D        | Found a sacrificial altar of Ru.
     5 | D        | Found a bloodstained altar of Trog.
     5 | D        | Found a stormy altar of Qazlal.
     5 | D        | Found an iron altar of Okawaru.
     5 | D        | Found a sparkling altar of Nemelex Xobeh.
     7 | D        | Found a transporter.
     7 | D        | Found an ancient bone altar of Kikubaaqudgha.
     7 | D        | Found a viscous altar of Jiyva.
     7 | D        | Found a corrupted altar of Lugonu.
     7 | D        | Found a hazy altar of Hepliaklqana.
     7 | D        | Found a burning altar of Makhleb.
     7 | D        | Found an opulent altar of Gozag.
    49 | D        | Became a worshipper of Qazlal Stormbringer
    49 | D        | Reached * piety under Qazlal
    49 | D        | Reached ** piety under Qazlal
    50 | D        | Reached skill level 9 in Invocations
    50 | D        | Gained mutation: A meltable shield of frost defends you.
                  | (SH +0) [demonic ancestry]
    50 | D        | Reached XP level 2. HP: 24/24 MP: 1/7
   113 | D        | Entered arena 2.
   113 | D        | Noticed a water moccasin
   113 | D        | Found a transporter.
   115 | D        | Killed a water moccasin
   116 | D        | Reached skill level 11 in Invocations
   116 | D        | Reached XP level 3. HP: 29/30 MP: 8/10
   116 | D        | Gained mutation: You have a pair of small antennae on your
                  | head. [demonic ancestry]
   116 | D        | Reached XP level 4. HP: 36/37 MP: 8/11
   123 | D        | Entered arena 3.
   123 | D        | Found a transporter.
   129 | D        | Reached *** piety under Qazlal
   138 | D        | Entered arena 4.
   138 | D        | Noticed a hell hound
   138 | D        | Found a transporter.
   143 | D        | Gained mutation: A meltable icy envelope protects you from
                  | harm. (AC +0) [demonic ancestry]
   143 | D        | Reached XP level 5. HP: 43/43 MP: 13/13
   147 | D        | Killed a hell hound
   147 | D        | Reached **** piety under Qazlal
   148 | D        | Reached skill level 5 in Fighting
   148 | D        | Reached skill level 12 in Invocations
   148 | D        | Reached XP level 6. HP: 51/51 MP: 15/15
   154 | D        | Entered arena 5.
   154 | D        | Found the +8 demon trident "Rift" {distort, reach+}
   154 | D        | Noticed a hell hound
   154 | D        | Found a transporter.
   160 | D        | Killed a hell hound
   160 | D        | Reached ***** piety under Qazlal
   161 | D        | Reached skill level 5 in Axes
   161 | D        | Reached skill level 5 in Dodging
   167 | D        | Entered arena 6.
   167 | D        | Noticed an ice beast
   167 | D        | Noticed a polar bear
   167 | D        | Found a transporter.
   170 | D        | Killed a polar bear
   171 | D        | Reached skill level 13 in Invocations
   171 | D        | Reached XP level 7. HP: 58/58 MP: 17/17
   174 | D        | Reached skill level 5 in Shields
   178 | D        | Entered arena 7.
   178 | D        | Found the amulet of the Four Winds {rN+ Will+++ Clar}
   178 | D        | Noticed a steam dragon
   178 | D        | Noticed a rime drake
   178 | D        | Noticed a wyvern
   181 | D        | Killed a steam dragon
   181 | D        | Killed a rime drake
   181 | D        | Reached ****** piety under Qazlal
   181 | D        | Killed a wyvern
   182 | D        | Reached skill level 15 in Invocations
   182 | D        | Gained mutation: You have a pair of antennae on your head.
                  | [demonic ancestry]
   182 | D        | Reached XP level 8. HP: 67/67 MP: 9/19
   182 | D        | Found a transporter.
   188 | D        | Got the amulet "Meixony" {Will+ Regen+ Dex+5}
   205 | D        | Entered arena 8.
   206 | D        | Found a transporter.
   221 | D        | Entered arena 9.
   221 | D        | Noticed a shining eye
   221 | D        | Noticed an eye of devastation
   221 | D        | Noticed an eye of devastation
   231 | D        | Found a transporter.
   233 | D        | Gained mutation: You have large cloven feet. [a shining
                  | eye]
   235 | D        | Killed an eye of devastation
   236 | D        | Reached skill level 16 in Invocations
   236 | D        | Gained mutation: You have a pair of large antennae on your
                  | head. (SInv) [demonic ancestry]
   236 | D        | Reached XP level 9. HP: 59/74 MP: 16/21
   236 | D        | Killed an eye of devastation
   236 | D        | Gained mutation: Your magical capacity is low. (-10% MP) [a
                  | shining eye]
   237 | D        | Killed a shining eye
   238 | D        | Reached skill level 17 in Invocations
   244 | D        | Got the ring of Mighowko {*Slow rPois rF+ Dex+4 SInv}
   308 | D        | Entered arena 10.
   308 | D        | Noticed a spriggan rider
   308 | D        | Noticed a spriggan rider
   308 | D        | Noticed a spriggan druid
   309 | D        | Found a transporter.
   310 | D        | Killed a spriggan druid
   311 | D        | Reached skill level 18 in Invocations
   311 | D        | Gained mutation: Spells you cast may paralyse adjacent
                  | enemies. [demonic ancestry]
   311 | D        | Reached XP level 10. HP: 83/83 MP: 11/20
   322 | D        | Got the Guide on Displacement and Dark Arts
   326 | D        | Entered arena 11.
   326 | D        | Noticed a wizard
   327 | D        | Found a transporter.
   329 | D        | Killed a wizard
   409 | D        | Entered arena 12.
   409 | D        | Noticed a deep elf sorcerer
   409 | D        | Noticed a deep elf high priest
   409 | D        | Noticed a deep elf master archer
   409 | D        | Noticed a deep elf knight
   409 | D        | Noticed a deep elf zephyrmancer
   409 | D        | Noticed a deep elf knight
   409 | D        | Noticed a deep elf high priest
   409 | D        | Noticed a deep elf pyromancer
   410 | D        | Noticed a deep elf pyromancer
   410 | D        | Noticed a deep elf knight
   411 | D        | Killed a deep elf zephyrmancer
   411 | D        | Killed a deep elf high priest
   411 | D        | Killed a deep elf master archer
   411 | D        | Killed a deep elf knight
   411 | D        | Killed a deep elf sorcerer
   411 | D        | Killed a deep elf knight
   411 | D        | Killed a deep elf pyromancer
   411 | D        | Killed a deep elf knight
   411 | D        | Killed a deep elf high priest
   412 | D        | Reached skill level 10 in Axes
   412 | D        | Reached skill level 10 in Dodging
   412 | D        | Reached skill level 20 in Invocations
   412 | D        | Reached XP level 11. HP: 92/93 MP: 12/22
   412 | D        | Found a transporter.
   413 | D        | Killed a deep elf pyromancer
   414 | D        | Reached skill level 10 in Armour
   414 | D        | Reached skill level 10 in Shields
   414 | D        | Reached skill level 21 in Invocations
   432 | D        | Entered arena 13.
   432 | D        | Noticed a balrug
   432 | D        | Noticed a hell hog
   432 | D        | Noticed a fire giant
   432 | D        | Noticed a fire giant
   432 | D        | Noticed a hell hog
   432 | D        | Noticed a balrug
   432 | D        | Noticed a fire giant
   432 | D        | Noticed a hell hog
   433 | D        | Noticed a fire giant
   433 | D        | Noticed a balrug
   433 | D        | Noticed a balrug
   434 | D        | Killed a hell hog
   434 | D        | Killed a hell hog
   434 | D        | Killed a hell hog
   434 | D        | Killed a fire giant
   434 | D        | Killed a fire giant
   434 | D        | Killed a balrug
   434 | D        | Killed a fire giant
   434 | D        | Killed a balrug
   434 | D        | Killed a fire giant
   434 | D        | Killed a balrug
   435 | D        | Reached skill level 22 in Invocations
   435 | D        | Gained mutation: A meltable icy envelope protects you from
                  | harm. (AC +0) [demonic ancestry]
   435 | D        | Reached XP level 12. HP: 75/103 MP: 8/24
   435 | D        | Found a transporter.
   440 | D        | Killed a balrug
   441 | D        | Reached skill level 23 in Invocations
   445 | D        | Got the amulet "Hopruppig" {RegenMP Drain rC++ Int+7}
   689 | D        | Entered arena 14.
   689 | D        | Noticed a merfolk javelineer
   690 | D        | Noticed a merfolk impaler
   690 | D        | Noticed a merfolk impaler
   690 | D        | Identified the +6 fustibalus "Juhomy Hegu" {freeze, Str+2}
   690 | D        | Noticed a merfolk impaler
   690 | D        | Noticed a merfolk aquamancer
   691 | D        | Noticed a merfolk impaler
   693 | D        | Killed a merfolk javelineer
   693 | D        | Killed a merfolk impaler
   693 | D        | Killed a merfolk impaler
   693 | D        | Killed a merfolk impaler
   693 | D        | Killed a merfolk impaler
   694 | D        | Killed a merfolk aquamancer
   695 | D        | Reached skill level 24 in Invocations
   696 | D        | Found a transporter.
   707 | D        | Got the ring of Starshine {rN+ Dex+6}
   717 | D        | Entered arena 15.
   718 | D        | Noticed a ghoul
   721 | D        | Found a transporter.
   731 | D        | Killed a ghoul
   732 | D        | Reached XP level 13. HP: 109/111 MP: 23/26
   749 | D        | Entered arena 16.
   750 | D        | Noticed a deep elf blademaster
   750 | D        | Identified the ring "Tiusk" {Int+5 Dex+6}
   750 | D        | Noticed a deep elf sorcerer
   751 | D        | Noticed a deep elf master archer
   752 | D        | Killed a deep elf sorcerer
   752 | D        | Killed a deep elf blademaster
   752 | D        | Killed a deep elf master archer
   753 | D        | Reached skill level 25 in Invocations
   753 | D        | Found a transporter.
   774 | D        | Got Nytes's Papyrus of Earthen Shape Shifting
   782 | D        | Entered arena 17.
   785 | D        | Noticed a deep elf master archer
   785 | D        | Noticed a deep elf annihilator
   785 | D        | Identified the +1 leather armour of Twilight {Regen+ Str-5
                  | Int+2 Slay+2}
   785 | D        | Identified the +8 war axe of Demand {freeze, Fly rElec rF+}
   786 | D        | Noticed a deep elf sorcerer
   787 | D        | Found a transporter.
   788 | D        | Killed a deep elf sorcerer
   788 | D        | Killed a deep elf annihilator
   788 | D        | Killed a deep elf master archer
   789 | D        | Reached skill level 15 in Fighting
   789 | D        | Reached skill level 26 in Invocations
   838 | D        | Entered arena 18.
   842 | D        | Noticed a frost giant
   842 | D        | Found the +8 arc blade {discharge, rElec}
   843 | D        | Killed a frost giant
   844 | D        | Reached skill level 27 in Invocations
   844 | D        | Gained mutation: You are partially covered in razor-sharp
                  | scales. (AC +1, Slay +1) [demonic ancestry]
   844 | D        | Reached XP level 14. HP: 123/123 MP: 19/28
   844 | D        | Found a transporter.
   868 | D        | Got the ring "Deetaxze" {rN+ Int+3}
   874 | D        | Entered arena 19.
   877 | D        | Noticed a shadow dragon
   877 | D        | Identified the +8 dagger "Wotial" {holy, rF++ Dex-5 SInv}
   878 | D        | Found the +1 cloak of Starlight {*Dazzle EV+4 Stlth--}
   879 | D        | Killed a shadow dragon
   880 | D        | Reached skill level 15 in Axes
   880 | D        | Reached skill level 15 in Armour
   880 | D        | Reached skill level 15 in Dodging
   880 | D        | Found a transporter.
   893 | D        | Got the Collected Works on the Aerial Compass
   899 | D        | Got the Catalogue of the Traveller
   906 | D        | Got the Tome of the Ashen Glacier
   910 | D        | Got the Reference Book on Intoxication and Flight
   910 | D        | Got the amulet of Kuynanaa {RegenMP rElec rPois Int+2
                  | Slay+3}
   956 | D        | Entered arena 20.
   961 | D        | Noticed a green very ugly thing
   961 | D        | Noticed a green very ugly thing
   963 | D        | Killed a green very ugly thing
   963 | D        | Killed a green very ugly thing
   964 | D        | Found a transporter.
   989 | D        | Got the Collected Works on Floating Darkness
   991 | D        | Got the ring "Ijyatato" {Str+6 Dex+3}
  1001 | D        | Entered arena 21.
  1004 | D        | Found the +6 sword of Cerebov {flame}
  1004 | D        | Noticed Cerebov
  1004 | D        | Noticed Aizul
  1004 | D        | Noticed Erica
  1005 | D        | Noticed Pikel
  1005 | D        | Noticed Chuck
  1005 | D        | Noticed Prince Ribbit
  1005 | D        | Noticed the Serpent of Hell
  1005 | D        | Noticed Eustachio
  1005 | D        | Noticed Agnes
  1005 | D        | Noticed Saint Roka
  1005 | D        | Noticed Ijyb
  1005 | D        | Noticed Lom Lobon
  1006 | D        | Noticed Kirke
  1006 | D        | Killed Prince Ribbit
  1006 | D        | Killed Ijyb
  1006 | D        | Killed Agnes
  1006 | D        | Killed Chuck
  1006 | D        | Killed Aizul
  1006 | D        | Killed Eustachio
  1006 | D        | Killed Erica
  1006 | D        | Killed Grinder
  1006 | D        | Killed Kirke
  1006 | D        | Killed Pikel
  1006 | D        | Killed Edmund
  1006 | D        | Noticed Mnoleg
  1006 | D        | Noticed Gastronok
  1007 | D        | Gained mutation: You are mostly covered in razor-sharp
                  | scales. (AC +2, Slay +2) [demonic ancestry]
  1007 | D        | Reached XP level 15. HP: 106/137 MP: 20/29
  1007 | D        | Killed Saint Roka
  1007 | D        | Killed Joseph
  1007 | D        | Killed Gastronok
  1007 | D        | Killed Sigmund
  1008 | D        | Killed the Serpent of Hell
  1008 | D        | Killed Mnoleg
  1008 | D        | Noticed Mennas
  1009 | D        | Killed Mennas
  1009 | D        | Identified the +11 rapier "Sodghef" {vorpal, rF+} (You took
                  | it off Joseph in the Dungeon)
  1009 | D        | Noticed Ereshkigal
  1012 | D        | Noticed Jory
  1012 | D        | Found a transporter.
  1014 | D        | Killed Lom Lobon
  1014 | D        | Killed Jory
  1014 | D        | Killed Cerebov
  1016 | D        | Noticed a Tzitzimitl
  1018 | D        | Noticed a Tzitzimitl
  1024 | D        | HP: 1/138 [Tzitzimitl/bolt of negative energy[Ereshkigal]
                  | (7)]
  1024 | D        | Mangled by a Tzitzimitl

Illustrated notes

Levels and vault maps discovered:
D:        sprint_v [room_start, room_1, room_2, room_3, room_4, room_5, room_6,
          room_7, room_8, room_9, room_10, room_11, room_12, room_13, room_14,
          room_15, room_16, room_17, room_18, room_19, room_20, room_21,
          room_22, room_23, room_24, room_25, room_26, room_27]

Skill      XL: |  1  2  3  4  5  6  7  8  9 10 11 12 13 14 15 |
---------------+----------------------------------------------+-----
Invocations    | 9 11 12 13 15 16 18 20 22 24 27 | 27.0
Fighting       | 4 5 6 7 8 9 11 12 13 15 18 21 | 21.2
Axes           | 3 4 5 6 7 8 10 11 12 14 16 17 | 17.4
Armour         | 2 3 4 6 8 9 11 12 14 15 17 | 17.2
Dodging        | 3 4 5 6 7 8 10 11 12 14 16 17 | 17.4
Shields        | 2 3 4 6 8 9 11 12 14 18 21 | 21.1
Stealth        | |  1.7

Action                   |  1- 3 |  4- 6 |  7- 9 | 10-12 | 13-15 || total
-------------------------+-------+-------+-------+-------+-------++-------
Melee: Broad axe         |     1 |    18 |    15 |    19 |    24 ||    77
       Kick              |       |       |     2 |     4 |     9 ||    15
Invok: Disaster Area     |       |       |     2 |     4 |     9 ||    15
       Elemental Force   |       |       |       |       |     2 ||     2
Evoke: Piece from Xom's  |       |       |       |     1 |       ||     1
  Use: Potion            |     1 |       |     1 |       |     6 ||     8
       Scroll            |       |       |       |     4 |       ||     4
Armor: Gold dragon scale |     1 |    12 |     2 |    12 |    10 ||    37
Dodge: Dodged            |       |       |       |       |     2 ||     2
Block: Kite shield       |     3 |    31 |     8 |    45 |    39 ||   126

Table legend: (Time is in decaauts)
 A = Elapsed time spent in this place.
 B = Non-inter-level travel time spent in this place.
 C = Inter-level travel time spent in this place.
 D = Time resting spent in this place.
 E = Time spent auto-exploring this place.
 F = Levels seen in this place.
 G = Mean time per level.
                   A        B        C        D        E       F      G
               +--------+--------+--------+--------+--------+-----+--------+
         Total |   1003 |   1003 |      0 |    442 |      0 |   1 | 1003.0 |
       Dungeon |   1003 |   1003 |      0 |    442 |      0 |   1 | 1003.0 |
               +--------+--------+--------+--------+--------+-----+--------+

Top non-repeatable levels by time:
       D: 1003 daAuts
